 Dungeon Crawl Stone Soup version 0.29-a0-284-gf9362112df (webtiles) character file.

Game seed: 13677214368001708642

79 davidthevgamer991 the Skirmisher (level 4, -5/40 HPs)
             Began as a Ghoul Fighter on Mar 24, 2022.
             Killed by divine providence
             ... invoked by an orc priest
              (8 damage)
             ... on level 2 of the Dungeon.
             The game lasted 00:06:32 (982 turns).

davidthevgamer991 the Skirmisher (Ghoul Fighter)     Turns: 982, Time: 00:06:32

Health: -5/40      AC:  6    Str: 21    XL:     4   Next: 38%
Magic:  3/3        EV:  9    Int:  3    God:
Gold:   37         SH:  4    Dex:  8    Spells: 3/3 levels left

rFire   . . .      SeeInvis .   a - +0 long sword
rCold   + . .      Faith    .   c - +0 buckler
rNeg    + + +      Spirit   .   b - +0 scale mail
rPois   ∞          Reflect  .   (no helmet)
rElec   .          Harm     .   (no cloak)
rCorr   .          Rampage  .   (no gloves)
Will    .....                   (no boots)
Stlth   ..........              (no amulet)
HPRegen 0.00/turn               (no ring)
MPRegen 0.08/turn               (no ring)

@: mighty, inhibited regen
A: claws 1, cold resistance 1, negative energy resistance 3, inhibited
regeneration, torment resistance 2
a: no special abilities


You were on level 2 of the Dungeon.
You visited 1 branch of the dungeon, and saw 2 of its levels.

You collected 37 gold pieces.

Inventory:

Hand Weapons
 a - a +0 long sword (weapon)
Armour
 b - a +0 scale mail (worn)
 c - a +0 buckler (worn)


   Skills:
 + Level 4.1 Fighting
 + Level 2.3 Long Blades
 + Level 3.4 Armour
 + Level 0.4 Dodging
 + Level 2.8 Shields


You had 3 spell levels left.
You didn't know any spells.
Your spell library was empty.

Dungeon Overview and Level Annotations

Branches:
Dungeon (2/15)

Altars:

Annotations:
D:2 Natasha


Innate Abilities, Weirdness & Mutations

You thrive by killing the living.
You are immune to poison.
You have sharp fingernails.
Your flesh is cold resistant. (rC+)
You are immune to negative energy. (rN+++)
You do not regenerate when monsters are visible.
You are immune to unholy pain and torment.


Message History

The hound is moderately wounded.
The hound bites you.
Natasha howls an incantation.
Natasha's front paws start to glow.
Natasha casts a spell.
You block the hound's attack.
You barely miss the hound.
The hound is moderately wounded.
The hound bites you.
Natasha mumbles some strange words.
Natasha's front paws start to glow.
Natasha mumbles some strange words.
The orc priest invokes the aid of Beogh against you.
Beogh smites you! The hound bites you.
You feel very mighty all of a sudden. The hound bites you.
* * * LOW HITPOINT WARNING * * *
Natasha mumbles some strange words.
Natasha's front paws start to glow.
Natasha mumbles some strange words.
You miss the hound.
The hound is moderately wounded.
The hound bites you.
* * * LOW HITPOINT WARNING * * *
The hound bites you.
* * * LOW HITPOINT WARNING * * *
The hound closely misses you.
You slash the hound!
The hound is severely wounded.
The hound barely misses you. The hound bites you.
* * * LOW HITPOINT WARNING * * *
You slash the hound!
You kill the hound!
The crimson imp blinks!
You have reached level 4!
You slash the orc!
You kill the orc!
The orc priest invokes the aid of Beogh against you.
Beogh smites you!
You die...

....#........####.####
.####................###.
.........................
)..##.........###.#..###.
†.............# #........
...##.........# #.#.#####
...##.........# #.....#
...##.........###.....#
...##########oh)@.....#
#### #o5##.....#
...5.##.....#
.......##........ .......
#........ ......o
#........ .....#o
#........ .....#.
###.#.... ##


You could see an iron imp (summoned), an orc priest, Natasha, a white imp
(summoned) and an orc.

Vanquished Creatures
  A hound (D:2)
  Natasha (D:2)
  An adder (D:2)
  An orc (D:2)
  4 endoplasms
  A giant cockroach (D:2)
  A kobold (D:1)
  2 quokkas (D:2)
  A ball python (D:1)
  3 rats
16 creatures vanquished.

Notes
Turn   | Place    | Note
-------+----------+-------------------------------------------
     0 | D:1      | davidthevgamer991 the Ghoul Fighter began the quest for the
                  | Orb.
     0 | D:1      | Reached XP level 1. HP: 19/19 MP: 0/0
   334 | D:1      | Reached XP level 2. HP: 26/26 MP: 1/1
   871 | D:2      | Noticed Natasha
   875 | D:2      | Noticed a crimson imp
   883 | D:2      | Noticed a crimson imp
   889 | D:2      | Killed Natasha
   890 | D:2      | Reached skill level 4 in Fighting
   890 | D:2      | Reached XP level 3. HP: 22/33 MP: 2/2
   959 | D:2      | Noticed Natasha
   982 | D:2      | Reached XP level 4. HP: 3/40 MP: 3/3
   982 | D:2      | Killed from afar by an orc priest

Illustrated notes

Levels and vault maps discovered:
D:1:      minmay_arrival_loop, layout_loops_cross,
          shapermc_ecumenical_altar_notcrosses
D:2:      layout_basic, roderic_serpentine_path, minmay_tripent, uniq_natasha

Skill      XL: |  1  2 |
---------------+-------+-----
Long Blades    | 2 |  2.3
Armour         | 3 |  3.4
Fighting       | 4 |  4.1
Dodging        | |  0.4
Shields        | |  2.8

Action                   |  1- 3 |  4- 6 || total
-------------------------+-------+-------++-------
Melee: Long sword        |    76 |     1 ||    77
  Use: Scroll            |     1 |       ||     1
       Potion            |     1 |       ||     1
Armor: Scale mail        |    31 |       ||    31
Dodge: Dodged            |    48 |       ||    48
Block: Buckler           |    15 |       ||    15

Table legend: (Time is in decaauts)
 A = Elapsed time spent in this place.
 B = Non-inter-level travel time spent in this place.
 C = Inter-level travel time spent in this place.
 D = Time resting spent in this place.
 E = Time spent auto-exploring this place.
 F = Levels seen in this place.
 G = Mean time per level.
                   A        B        C        D        E       F      G
               +--------+--------+--------+--------+--------+-----+--------+
         Total |   1019 |   1019 |      0 |    291 |      0 |   2 |  509.5 |
       Dungeon |   1019 |   1019 |      0 |    291 |      0 |   2 |  509.5 |
               +--------+--------+--------+--------+--------+-----+--------+

Top non-repeatable levels by time:
     D:1: 599 daAuts
     D:2: 420 daAuts
